Workbook
Name Titles: #REF!
Name Titles: #REF!

Sheet Cover 2
G11: Name
G12: Confidential

Sheet Ex24-Sum
B1: Networth Statement | F1: Networth
B2: Name | F2: Assets and Liabilities
B3: Date
F5: Current | L5: Original | M5: Amount
C6: Schd | D6: Assets | E6: Cost | F6: Mkt Value | H6: Schd | I6: Liabilities | L6: Amount | M6: Outstanding
B8: 1 | C8: - | D8: Cash on Hand | G8: 10 | H8: I | I8: Notes Payable | L8: =+'I Notes Payable'!H14 -> 0 | M8: =+'I Notes Payable'!K14 -> 0
C9: A | D9: Cash in Banks | F9: ='A Cash'!I17 -> 100 | G9: =+G8+1 -> 11 | H9: J | I9: Loans & Other Payables | L9: =+'J Loans Payable'!H14 -> 0 | M9: =+'J Loans Payable'!K14 -> 100
B10: 2 | C10: B | D10: Loans, Notes Receivable | E10: =+'B Notes Rec'!E12 -> 0 | F10: =+'B Notes Rec'!J12 -> 0 | G10: =+G9+1 -> 12 | H10: K | I10: Taxes Payable | L10: =+'K Taxes'!D14 -> 0 | M10: =+'K Taxes'!F14 -> 0
B11: 3 | C11: C | D11: Securities (with 529) | E11: =+'C Securities'!G11 -> 0 | F11: =+'C Securities'!K11+'College 529'!K11 -> 200 | G11: =+G10+1 -> 13 | H11: L | I11: Mortgages or Liens | L11: =+'L Mortgages'!E10 -> 0 | M11: =+'L Mortgages'!J10 -> 100
B12: 4 | C12: D | D12: Real Estate | E12: =+'D Real Est'!G10 -> 0 | F12: =+'D Real Est'!I10 -> 100 | G12: =+G11+1 -> 14 | H12: M | I12: Loans Against 401K, Pensions | L12: =+'M Loans 401K'!E10 -> 0 | M12: =+'M Loans 401K'!I10 -> 100
B13: 5 | C13: E | D13: Cash Value Life Insurance | E13: ='E Life Ins'!I14 -> 0 | F13: =+'E Life Ins'!K14 -> 100 | G13: =+G12+1 -> 15 | H13: N | I13: Other Indebtedness | L13: =+'N Other Debt'!H10 -> 0 | M13: =+'N Other Debt'!I10 -> 100
B14: 6 | C14: F | D14: Cash Value Pen/Ret Funds | F14: =+'F Retire'!I12 -> 100
B15: 8 | C15: G | D15: Vehicles | E15: =+'G Vehicles'!H10 -> 0 | F15: =+'G Vehicles'!I10 -> 600 | I15: Total Liabilities | M15: =SUM(M8:M13) -> 400
B16: 9 | C16: H | D16: Other | E16: ='H Other'!D14 -> 0 | F16: ='H Other'!G14 -> 100
D17: Total Assets | F17: =SUM(F8:F16) -> 1300 | I17: Net Worth | M17: =+F17-M15 -> 900
G18: 16 | H18: P | I18: Contingent Liabilities | M18: 0

Sheet A Cash
A1: =+'Ex24-Sum'!$B$1 -> Networth Statement | D1: Additional Information
A2: =+'Ex24-Sum'!$B$2 -> Name | D2: Cash in Banks (Schedule A)
A3: =+'Ex24-Sum'!$B$3 -> Date
B6: Name and Address of Institution | C6: Name(s) on Account | D6: Account Number | E6: Interest Rate | F6: Nature of Account | G6: Opened | H6: Date of Balance | I6: Balance
B7: Commerce Bank 347 East Jimmie Leeds Road Galloway, NJ 08205 (609) 748-3244 | C7: Krist J Walicky Anne Suisse Walicky | D7: 5080395 | E7: 0 | F7: Checking (Direct Deposit Pay Checks) | I7: 0
B8: Commerce Bank 347 East Jimmie Leeds Road Galloway, NJ 08205 (609) 748-3244 | C8: Krist J Walicky Anne Suisse Walicky | D8: 5080403 | E8: 0 | F8: Checking (Check Writing) | I8: 0
B9: Commerce Bank 347 East Jimmie Leeds Road Galloway, NJ 08205 (609) 748-3244 | C9: Krist J Walicky Anne Suisse Walicky | D9: 13305750 | E9: 0.0025 | F9: Savings | I9: 0
B10: Commerce Bank 347 East Jimmie Leeds Road Galloway, NJ 08205 (609) 748-3244 | C10: Krist J Walicky | D10: 7859623915 | E10: 0 | F10: Checking (Medical Bills) | I10: 0
B11: Commerce Bank 347 East Jimmie Leeds Road Galloway, NJ 08205 (609) 748-3244 | C11: Estate of Erna M Walicky Krist J Walicky Trustee | D11: 7859624814 | E11: 0 | F11: Checking (Mom's Estate) | I11: 0 | L11: Closed 2005
I12: 100
B17: TOTALS - Schedule "A" | I17: =SUM(I7:I16) -> 100

Sheet B Notes Rec
A1: =+'Ex24-Sum'!$B$1 -> Networth Statement | E1: Additional Information
A2: =+'Ex24-Sum'!$B$2 -> Name | E2: Loans, Notes and Other Receivables (Schedule B)
A3: =+'Ex24-Sum'!$B$3 -> Date
I6: Nature of
B7: Held by | I7: Security
B8: Spouse or | D8: Interest | E8: Original | F8: Original | G8: Total | H8: Date | I8: Indicate if | J8: Current
B9: Dependent | C9: Name & Address | D9: Rate | E9: Loan Amount | F9: Date | G9: Payments | H9: Due | I9: Unsecured | J9: Balance
L10: Promissory Notes
B12: Total | E12: =SUM(E10:E11) -> 0 | J12: =SUM(J10:J11) -> 0

Sheet C Securities
A1: =+'Ex24-Sum'!$B$1 -> Networth Statement | E1: Additional Information
A2: =+'Ex24-Sum'!$B$2 -> Name | E2: Securities (Schedule C)
A3: =+'Ex24-Sum'!$B$3 -> Date
M5: Notes
B6: Number of Securities | C6: Type of Security | D6: Name of Company | E6: Mkt Value at Purchase | F6: Date of and Price at Purchase | H6: % Owned if > 5% | I6: Registered Owner | J6: Date of Valuation | K6: Current Market Value | M6: Website
K7: 100
B11: TOTALS - Schedule "D" | G11: =SUM(G7:G10) -> 0 | K11: =SUM(K7:K10) -> 100

Sheet College 529
A1: =+'Ex24-Sum'!$B$1 -> Networth Statement | E1: Additional Information
A2: =+'Ex24-Sum'!$B$2 -> Name | E2: 529 College Fund
A3: =+'Ex24-Sum'!$B$3 -> Date
B6: Number of Securities | C6: Type of Security | D6: Name of Company | E6: Mkt Value at Purchase | F6: Date of and Price at Purchase | H6: % Owned if > 5% | I6: Registered Owner | J6: Date of Valuation | K6: Current Market Value
K7: 100
K11: =SUM(K7:K10) -> 100

Sheet D Real Est
A1: =+'Ex24-Sum'!$B$1 -> Networth Statement | D1: Additional Information
A2: =+'Ex24-Sum'!$B$2 -> Name | D2: Real Estate (Schedule D)
A3: =+'Ex24-Sum'!$B$3 -> Date
B6: Location | C6: Lot Size / Sq foot of Building | D6: Type of Property | E6: Date Acquired | F6: Individuals Sharing Interest | G6: Purchase Price of % Owned | H6: Monthly Rental Income | I6: Estimated Market Value of % Owned
I7: 100
G10: =SUM(G7:G9) -> 0 | I10: =SUM(I7:I9) -> 100

Sheet E Life Ins
A1: =+'Ex24-Sum'!$B$1 -> Networth Statement | E1: Additional Information
A2: =+'Ex24-Sum'!$B$2 -> Name | E2: Cash Value Life Insurance
A3: =+'Ex24-Sum'!$B$3 -> Date
B5: Held by | J5: Annual | K5: Cash | L5: Tax
B6: Spouse or | C6: Date | D6: Insurance | E6: Policy | F6: Contact / | I6: Face | J6: Premiums | K6: Surrender | L6: Emp
B7: Child | C7: Purchased | D7: Carrier | E7: Number | F7: Phone # | G7: Benefit | H7: Beneficiary(ies) | I7: Value | J7: Payments | K7: Value | L7: ID
K8: 100
B14: Total | I14: =SUM(I8:I13) -> 0 | K14: =SUM(K8:K13) -> 100

Sheet F Retire
A1: =+'Ex24-Sum'!$B$1 -> Networth Statement | E1: Additional Information
A2: =+'Ex24-Sum'!$B$2 -> Name | E2: Cash Value Pension/Retirement Funds (Schedule F)
A3: =+'Ex24-Sum'!$B$3 -> Date
B7: Held by Spouse or Child | C7: Type of Fund | D7: Type of Securities Held | E7: Employer / Institution | F7: Account Number | G7: Cumulative Employee Contribution | H7: Cumulative Employer Contribution | I7: Current Cash Value
I8: 100
I12: =SUM(I8:I11) -> 100

Sheet H Other
A1: =+'Ex24-Sum'!$B$1 -> Networth Statement | D1: Additional Information
A2: =+'Ex24-Sum'!$B$2 -> Name | D2: Other (Schedule H)
A3: =+'Ex24-Sum'!$B$3 -> Date
B6: Nature of Asset | C6: Date of Acquisition | D6: Cost | E6: % of Ownership | F6: Date of Valuation | G6: Curret Market Value
G7: 100
B14: Other | D14: =SUM(D7:D13) -> 0 | G14: =SUM(G7:G13) -> 100

Sheet G Vehicles
A1: =+'Ex24-Sum'!$B$1 -> Networth Statement | E1: Additional Information
A2: =+'Ex24-Sum'!$B$2 -> Name | E2: Vehicles (Schedule G)
A3: =+'Ex24-Sum'!$B$3 -> Date
B6: Held by Spouse or Child | C6: Type of Vehicle | D6: Owned or Leased | E6: Date of Purchase/Lease | F6: Model Year | G6: Make/Model of Vehicle | H6: Cost | I6: Current Market Value
I7: 100
I8: 500
H10: =SUM(H7:H9) -> 0 | I10: =SUM(I7:I9) -> 600

Sheet I Notes Payable
A1: =+'Ex24-Sum'!$B$1 -> Networth Statement | D1: Additional Information
A2: =+'Ex24-Sum'!$B$2 -> Name | D2: Notes Payable (Schedule I)
A3: =+'Ex24-Sum'!$B$3 -> Date
G6: Amount | H6: Original | K6: Outstanding
B7: Name & Address | C7: Account | D7: Date | E7: Due | F7: Interest | G7: of Periodic | H7: Amount | I7: Nature of | J7: Total | K7: Amount of
B8: of Creditor | C8: Number | D8: Incurred | E8: Date | F8: Rate | G8: Payment | H8: of Note | I8: Security | J8: Payments | K8: Liability
K9: 0
H14: =SUM(H9:H13) -> 0 | K14: =SUM(K9:K13) -> 0

Sheet J Loans Payable
A1: =+'Ex24-Sum'!$B$1 -> Networth Statement | D1: Additional Information
A2: =+'Ex24-Sum'!$B$2 -> Name | D2: Loans & Other Payable (Schedule J)
A3: =+'Ex24-Sum'!$B$3 -> Date
B7: Name and Address of Creditor | C7: Account Number | D7: Phone | E7: Date Incurred | F7: Due Date | G7: Interest Rate | H7: Original $ of Liability | I7: Nature of Security | J7: Total Payments | K7: Current Amount Outstanding
K8: 100
H14: =SUM(H8:H13) -> 0 | K14: =SUM(K8:K13) -> 100

Sheet K Taxes
A1: =+'Ex24-Sum'!$B$1 -> Networth Statement | C1: Additional Information
A2: =+'Ex24-Sum'!$B$2 -> Name | C2: Taxes Payable (Schedule K)
A3: =+'Ex24-Sum'!$B$3 -> Date
D7: Date and
C8: Nature | D8: Amount of | E8: Fines, Penalties and | F8: Total Amount
B9: Taxing Authority | C9: of Tax | D9: Original Obligation | E9: and Intererst | F9: Due
D14: =SUM(D10:D13) -> 0 | F14: =SUM(F10:F13) -> 0

Sheet L Mortgages
A1: =+'Ex24-Sum'!$B$1 -> Networth Statement | D1: Additional Information
A2: =+'Ex24-Sum'!$B$2 -> Name | D2: Mortgages or Liens on Real Estate (Schedule L)
A3: =+'Ex24-Sum'!$B$3 -> Date
B6: Name and Address of Mortgagee | C6: Account Number | D6: Date Incurred | E6: Original Amount of Liability | F6: Description or address of Real Estate | G6: Term of Mortgage | H6: Interest Rate | I6: Amount of Periodic Payment | J6: Currrent Mortgage Balance
J7: 100
E10: =SUM(E7:E9) -> 0 | J10: =SUM(J7:J9) -> 100

Sheet M Loans 401K
A1: =+'Ex24-Sum'!$B$1 -> Networth Statement | E1: Additional Information
A2: =+'Ex24-Sum'!$B$2 -> Name | E2: Loans Against insurance/401K, Pension
A3: =+'Ex24-Sum'!$B$3 -> Date
B6: Acct | C6: Insurance Carrier / Pension Plan | D6: Purpose of Loan | E6: Original Amount of Loan | F6: Interest Rate | G6: Date of Loan | H6: Periodic Payment Amount / Pay Perioed | I6: Current Loan Balance
I7: 100
B10: Total | E10: =SUM(E7:E9) -> 0 | I10: =SUM(I7:I9) -> 100

Sheet N Other Debt
A1: =+'Ex24-Sum'!$B$1 -> Networth Statement | E1: Additional Information
A2: =+'Ex24-Sum'!$B$2 -> Name | E2: Other indebtedness (Schedule N)
A3: =+'Ex24-Sum'!$B$3 -> Date
B6: Held by Spouse or Child | C6: Name and Address of Creditor | D6: Interest Rate | E6: Description of Liability, Type of Obligation and Nature of Security | F6: Due Date | G6: Periodic Payment Amount / Pay Perioed | H6: Original $ of Liability | I6: Current Amount Outstanding
I7: 100
B10: Total | H10: =SUM(H7:H9) -> 0 | I10: =SUM(I7:I9) -> 100

Sheet History Trend
B2: ='Ex24-Sum'!B1 -> Networth Statement | G2: Networth
B3: ='Ex24-Sum'!B2 -> Name | G3: Assets and Liabilities
B4: ='Ex24-Sum'!B3 -> Date
F5: Current
C6: Schd | D6: Assets | E6: Cost | F6: Mkt Value | H6: Prior | I6: Prior | J6: Prior | K6: Prior | L6: Prior
C8: - | D8: Cash on Hand | F8: ='Ex24-Sum'!F8 -> 0 | K8: 0 | L8: 0
C9: A | D9: Cash in Banks | F9: =+'A Cash'!I17 -> 100 | K9: 100 | L9: 100
C10: B | D10: Loans, Notes Receiveable | E10: =+'B Notes Rec'!E12 -> 0 | F10: =+'B Notes Rec'!J12 -> 0 | K10: 0 | L10: 0
C11: C | D11: Securities | E11: =+'C Securities'!G11 -> 0 | F11: =+'C Securities'!K11+'College 529'!K11 -> 200 | K11: 200 | L11: 200
C12: D | D12: Real Estate | E12: =+'D Real Est'!G10 -> 0 | F12: =+'D Real Est'!I10 -> 100 | K12: 100 | L12: 100
C13: E | D13: Cash Value Life Insurance | E13: 0 | F13: =+'E Life Ins'!K14 -> 100 | K13: 100 | L13: 100
C14: F | D14: Cash Value Pen/Ret Funds | F14: =+'F Retire'!I12 -> 100 | K14: 100 | L14: 100
C15: G | D15: Vehicles | E15: =+'G Vehicles'!H10 -> 0 | F15: =+'G Vehicles'!I10 -> 600 | K15: 600 | L15: 100
C16: H | D16: Other | F16: ='H Other'!G14 -> 100 | K16: 100 | L16: 100
D17: Total Assets | F17: =SUM(F8:F16) -> 1300 | H17: =SUM(H8:H16) -> 0 | I17: =SUM(I8:I16) -> 0 | J17: =SUM(J8:J16) -> 0 | K17: 1300 | L17: 800
D19: Liabilities
C20: I | D20: Notes Payable | E20: =+'Ex24-Sum'!L8 -> 0 | F20: =+'Ex24-Sum'!M8 -> 0 | K20: 0 | L20: 0
C21: J | D21: Loans & Other Payables | E21: =+'Ex24-Sum'!L9 -> 0 | F21: =+'Ex24-Sum'!M9 -> 100 | K21: 100 | L21: 100
C22: K | D22: Taxes Payable | E22: =+'Ex24-Sum'!L10 -> 0 | F22: =+'Ex24-Sum'!M10 -> 0 | K22: 0 | L22: 0
C23: L | D23: Mortgages or Liens | E23: =+'Ex24-Sum'!L11 -> 0 | F23: =+'Ex24-Sum'!M11 -> 100 | K23: 100 | L23: 100
C24: M | D24: Loans Against Ins/Pensions | E24: =+'Ex24-Sum'!L12 -> 0 | F24: =+'Ex24-Sum'!M12 -> 100 | K24: 100 | L24: 100
C25: N | D25: Other Indebtedness | E25: =+'Ex24-Sum'!L13 -> 0 | F25: =+'Ex24-Sum'!M13 -> 100 | K25: 100 | L25: 100
D27: Total Liabilities | E27: =+'Ex24-Sum'!L15 -> 0 | F27: =SUM(F20:F25) -> 400 | H27: =SUM(H20:H26) -> 0 | I27: =SUM(I20:I26) -> 0 | J27: =SUM(J20:J26) -> 0 | K27: 400 | L27: 400
C29: Net Worth | F29: =+'Ex24-Sum'!M17 -> 900 | K29: 900 | L29: 400
C30: %
